Map: Catalyst LE

Players

SamuraiFunn - Winner!

  • Race: Protoss Protoss
  • Spawn Location: 11:00

A.I. 1 (Elite)

  • Race: Terran Terran
  • Spawn Location: 5:00

VOD

Have the link to the VOD?

Description

Time

  • Played on: Nov. 24, 2017, 4:43 p.m.
  • Length: 12:39
Show
View Real Time Build Order
Export as new Build Order

SamuraiFunn Protoss - Winner!

Build Orders: Dark Templar Rush 

Get SALT Encoding   

  12  0:00  Probe  
  13  0:13  Probe  
  14  0:22  Pylon  
  14  0:25  Probe  
  15  0:39  Assimilator  
  15  0:45  Probe  
  15  0:46  Gateway  
  16  0:57  Probe  
  17  1:09  Probe  
  18  1:19  Assimilator  
  18  1:21  Probe  
  19  1:27  Pylon  
  19  1:38  Cybernetics Core  
  21  1:40  Zealot  
  21  1:43  Probe  
  22  1:55  Probe  
  23  2:05  Nexus  
  23  2:08  Probe  
  24  2:22  Twilight Council  
  24  2:35  Warp Gate (Chrono Boost)  
  24  2:40  Probe  
  25  2:52  Probe, Stalker  
  28  3:16  Probe  
  29  3:22  Probe  
  29  3:26  Assimilator  
  30  3:28  Assimilator  
  30  3:32  Dark Shrine  
  30  3:40  Probe x2  
  32  3:42  Pylon  
  32  3:56  Sentry  
  32  3:58  Gateway  
  32  3:59  Gateway  
  32  4:02  Gateway, Probe  
  35  4:03  Probe  
  36  4:20  Gateway  
  36  4:36  Probe x2  
  38  4:48  Probe x2  
  38  4:52  Pylon  
  34  5:14  Dark Templar  
  34  5:15  Pylon  
  34  5:17  Probe x2  
  38  5:31  Dark Templar x3  
  44  5:48  Dark Templar  
  46  6:15  Dark Templar x3  
  52  6:23  Shadow Stride (Chrono Boost)  
  50  6:26  Dark Templar  
  44  7:12  Dark Templar x4  
  46  7:50  Dark Templar x4  
  44  7:59  Gateway  
  44  8:01  Gateway  
  44  8:04  Gateway  
  44  8:05  Gateway  
  44  8:35  Dark Templar x4  
  46  9:18  Dark Templar x4  
  54  10:01  Dark Templar x3  
  54  10:02  Dark Templar  
  62  10:15  Charge (Chrono Boost)  
  62  10:19  Dark Templar  
  64  10:21  Zealot x3  
  70  10:33  Pylon  
  70  10:34  Pylon  
  70  10:36  Pylon  
  70  10:37  Pylon  
  70  10:51  Probe x2  
  70  10:53  Dark Templar x2  
  70  10:54  Dark Templar  
  70  10:55  Zealot x5  
  88  11:28  Nexus  
  88  11:30  Assimilator  
  88  11:34  Probe x2  
  88  11:35  Assimilator  
  88  11:38  Pylon  
  88  11:39  Pylon  
  90  11:40  Pylon  
  90  11:46  Probe  
  90  11:47  Probe  
  92  11:57  Stargate x2  
  92  11:59  Probe x2, Stargate  
  92  12:01  Stargate  
  94  12:11  Probe x2  
  96  12:23  Probe x2  
Show
View Real Time Build Order
Export as new Build Order

A.I. 1 (Elite) Terran 

Build Orders: MMM Bio 

Get SALT Encoding   

  12  0:00  SCV  
  13  0:13  SCV  
  14  0:18  Supply Depot  
  14  0:25  SCV  
  15  0:40  SCV  
  16  0:44  Barracks  
  16  0:52  SCV  
  17  1:04  SCV  
  18  1:16  SCV  
  19  1:19  Command Center  
  19  1:33  Marine  
  19  1:34  Orbital Command  
  20  1:40  Refinery  
  20  1:50  Marine  
  20  1:52  Supply Depot  
  21  2:00  SCV  
  22  2:05  Refinery  
  22  2:08  Marine  
  22  2:13  SCV  
  24  2:26  SCV, Marine  
  26  2:31  SCV  
  27  2:44  SCV, Marine  
  27  2:45  Factory, Orbital Command  
  29  2:58  Factory  
  29  2:59  SCV  
  29  3:02  Marine  
  31  3:10  SCV  
  31  3:11  SCV  
  33  3:19  Supply Depot, Marine  
  33  3:22  SCV  
  33  3:23  SCV  
  36  3:30  Factory Tech Lab  
  36  3:34  SCV  
  36  3:36  SCV  
  38  3:43  Factory Tech Lab  
  38  3:46  SCV  
  38  3:48  SCV  
  40  3:51  Supply Depot, Siege Tank  
  43  3:59  SCV  
  43  4:00  SCV  
  43  4:01  Siege Tank  
  48  4:08  Marine  
  48  4:09  Supply Depot  
  49  4:11  SCV  
  49  4:12  SCV  
  49  4:16  Supply Depot  
  51  4:23  SCV, Siege Tank  
  55  4:24  SCV  
  56  4:32  Supply Depot  
  56  4:35  SCV  
  56  4:36  SCV  
  56  4:37  Marine  
  58  4:40  Siege Tank  
  61  4:47  SCV  
  61  4:48  SCV  
  61  4:50  Barracks  
  63  4:56  Supply Depot, Marine  
  63  4:59  SCV, Armory  
  65  5:00  SCV  
  64  5:11  SCV  
  64  5:12  SCV, Engineering Bay  
  66  5:14  Barracks Tech Lab, Refinery  
  66  5:16  Refinery  
  66  5:23  SCV  
  66  5:24  SCV  
  68  5:32  Marine  
  68  5:33  Stimpack  
  69  5:35  SCV  
  69  5:37  SCV, Marine  
  69  5:38  Barracks  
  69  5:41  Missile Turret  
  72  5:44  Missile Turret  
  72  5:47  SCV  
  72  5:49  SCV  
  74  5:50  Marine  
  74  5:52  Starport  
  74  5:55  Barracks Reactor  
  75  6:00  SCV  
  67  6:09  Marauder  
  67  6:11  SCV  
  63  6:13  SCV  
  56  6:21  Missile Turret  
  56  6:23  SCV  
  56  6:25  SCV, Marine  
  57  6:28  Barracks  
  57  6:29  Marine  
  57  6:30  Medivac  
  57  6:31  Marine  
  57  6:32  Marine  
  62  6:35  SCV  
  62  6:37  SCV  
  62  6:43  Missile Turret  
  62  6:44  Barracks Tech Lab  
  62  6:48  Marauder  
  62  6:49  Marine x2  
  62  6:52  SCV x2  
  57  6:56  Command Center  
  57  7:01  Starport Reactor  
  49  7:03  Combat Shields, Marauder  
  49  7:04  SCV x2  
  49  7:07  Marine  
  39  7:09  Marauder  
  40  7:16  SCV x2  
  41  7:24  Marauder  
  41  7:28  SCV  
  44  7:37  Medivac, Marine, Viking  
  44  7:42  Marine  
  43  7:48  Marine  
  37  7:54  Marine  
  38  7:59  Marine  
  38  8:04  Marine  
  40  8:08  Marine  
  40  8:12  Marine  
  39  8:15  Marine  
  39  8:19  SCV  
  40  8:23  Marine  
  40  8:26  SCV  
  39  8:30  SCV  
  24  9:40  Command Center  
  19  10:24  SCV  
  20  10:35  Marine  
  21  10:36  SCV  
  19  10:58  Supply Depot  
  18  11:15  Command Center  
  18  11:19  SCV  
  19  11:32  SCV, Command Center  
  20  11:34  Supply Depot  
  20  11:44  SCV  
  21  11:51  Barracks  
  21  11:59  SCV  
  21  12:11  SCV  
Tags
 
Composition
MMM Bio
Matchup
PvT
Replay Pack
First 100 games
Spawn Locations
Cross Positions
Add a new tag
Caveats
  • Supply blocks, unpowered buildings, or Contaminate may cause inaccurate times.
  • Supply counts are checked every 10 seconds.